 Dungeon Crawl Stone Soup version 0.22.0-38-g04b72b8 (webtiles) character file.

206 Lew the Shield-Bearer (level 5, -1/47 HPs)
             Began as a Gnoll Fighter on Aug 28, 2018.
             Was an Initiate of Gozag.
             Slain by an orc priest
             ... wielding a +0 trident
              (9 damage)
             ... on level 3 of the Dungeon.
             The game lasted 00:04:05 (2538 turns).

Lew the Shield-Bearer (Gnoll Fighter)               Turns: 2538, Time: 00:04:06

Health: -1/47      AC:  7    Str: 19    XL:     5   Next: 84%
Magic:  7/7        EV:  9    Int: 10    God:    Gozag
Gold:   120        SH:  0    Dex: 15    Spells: 7/7 levels left

rFire    . . .     SeeInvis .   j - +2 dagger (speed)
rCold    . . .     Gourm    .   c - +0 shield
rNeg     . . .     Faith    .   b - +0 scale mail
rPois    .         Spirit   .   (no helmet)
rElec    .         Reflect  .   (no cloak)
rCorr    .         Harm     .   (no gloves)
MR       .....                  (no boots)
Stlth    ..........             (no amulet)
HPRegen  0.15/turn              (no ring)
MPRegen  0.10/turn              (no ring)

@: confused, gold aura
A: distributed training, fangs 1, strong nose
a: Potion Petition, Call Merchant, Bribe Branch, Renounce Religion


You were on level 3 of the Dungeon.
You worshipped Gozag.
Gozag was aware of your devotion.
You were not hungry.

You visited 1 branch of the dungeon, and saw 3 of its levels.

You collected 146 gold pieces.
You paid 26 gold pieces to Gozag.

Inventory:

Hand Weapons
 a - a +0 long sword
 j - a +2 dagger of speed (weapon)
Missiles
 v - 5 tomahawks of returning (quivered)
Armour
 b - a +0 scale mail (worn)
 c - a +0 shield (worn)
Jewellery
 i - a cursed amulet of inaccuracy {unknown}
 l - an uncursed amulet of guardian spirit {unknown}
Scrolls
 e - 2 scrolls of fog {unknown}
 h - 3 scrolls of identify {unknown}
 k - a scroll of amnesia {unknown}
 m - a scroll of blinking {unknown}
 n - a scroll of enchant weapon {unknown}
 s - a scroll of magic mapping {unknown}
 t - a scroll of remove curse {unknown}
Potions
 d - 2 potions of might
 g - 2 potions of lignification {unknown}
 o - a potion of curing {unknown}
 p - a potion of haste {unknown}
 q - a potion of cancellation {unknown}
 r - 2 potions of flight {unknown}
 u - a potion of mutation {unknown}
Comestibles
 f - 3 rations


   Skills:
 + Level 6.7 Fighting
 + Level 1.6 Short Blades
 + Level 4.8 Long Blades
 + Level 1.6 Axes
 + Level 1.6 Maces & Flails
 + Level 1.6 Polearms
 + Level 1.6 Staves
 + Level 1.6 Slings
 + Level 1.6 Bows
 + Level 1.6 Crossbows
 + Level 1.6 Throwing
 + Level 6.7 Armour
 + Level 1.6 Dodging
 + Level 1.6 Stealth
 + Level 6.7 Shields
 + Level 1.6 Unarmed Combat
 + Level 1.6 Spellcasting
 + Level 1.3 Conjurations
 + Level 1.3 Hexes
 + Level 1.3 Charms
 + Level 1.3 Summonings
 + Level 1.3 Necromancy
 + Level 1.3 Translocations
 + Level 1.3 Transmutations
 + Level 1.3 Fire Magic
 + Level 1.3 Ice Magic
 + Level 1.3 Air Magic
 + Level 1.3 Earth Magic
 + Level 1.3 Poison Magic
 + Level 1.8 Invocations
 + Level 1.6 Evocations


You had 7 spell levels left.
You didn't know any spells.
Your spell library contained the following spells:

 Spells                   Type           Power        Failure   Level  Hunger
 Beastly Appendage        Tmut           #.....       83%         1    ##.....
 Sticks to Snakes         Tmut           #.......     92%         2    ###....
 Spider Form              Tmut/Pois      #.........   99%         3    ####...
 Ice Form                 Ice/Tmut       #.......     100%        4    #####..
 Blade Hands              Tmut           #.........   100%        5    ######.


Dungeon Overview and Level Annotations

Branches:
Dungeon (3/15)

Altars:
Gozag


Innate Abilities, Weirdness & Mutations

Your experience applies equally to all skills.
You have very sharp teeth.
Your uncanny sense of smell can sniff out nearby items.


Message History

You kill the bat!
The orc priest invokes the aid of Beogh against you.
Beogh smites you! The orc priest hits you with a trident.
You see here 6 gold pieces.
You barely miss the orc priest. You closely miss the orc priest.
The orc priest looks encouraged for a moment.
You hit the orc priest. Your bite misses the orc priest.
The orc priest is moderately wounded.
You hear some strange, mumbled words.
You are confused.
The orc priest invokes the aid of Beogh against you.
Pain shoots through your body!
* * * LOW HITPOINT WARNING * * *
You closely miss the orc priest.
The orc priest is moderately wounded.
Something hits you but does no damage. The orc priest hits you with a trident!
You die...
Your body crumbles into a pile of gold.

∆ #.# #.#.#
.#####.###...#
#...........###
........###.#
###.######### #.#
...{o....# #.#
###.#.##.# #.# #
.. #.# #.# # #b
#@######.#########
##### #
#o$...............
.....
########.####.####
##### #..........
###.####### ###
#.# ..# #.# #.#
#.# #.######.# #.#


You could see an orc priest.

Vanquished Creatures
  An orc priest (D:3)
  3 gnolls (D:3)
  5 adders
  An ooze (D:2)
  2 worms (D:3)
  2 dart slugs (D:3)
  3 leopard geckos (D:1)
  3 orcs (D:3)
  A ball python (D:1)
  10 bats
  3 giant cockroaches
  11 goblins
  13 hobgoblins
  4 jackals (D:3)
  4 kobolds
  A quokka (D:2)
  3 frilled lizards
  9 rats
79 creatures vanquished.

Notes
Turn   | Place    | Note
-------+----------+-------------------------------------------
     0 | D:1      | Lew the Gnoll Fighter began the quest for the Orb.
     0 | D:1      | Reached XP level 1. HP: 23/23 MP: 1/1
   226 | D:2      | Reached XP level 2. HP: 29/29 MP: 2/2
   250 | D:2      | Reached XP level 3. HP: 30/35 MP: 3/3
   421 | D:2      | Reached skill level 1 in Invocations
   790 | D:2      | Reached skill level 1 in Short Blades
   790 | D:2      | Reached skill level 1 in Axes
   790 | D:2      | Reached skill level 1 in Maces & Flails
   790 | D:2      | Reached skill level 1 in Polearms
   790 | D:2      | Reached skill level 1 in Staves
   790 | D:2      | Reached skill level 1 in Slings
   790 | D:2      | Reached skill level 1 in Bows
   790 | D:2      | Reached skill level 1 in Crossbows
   790 | D:2      | Reached skill level 1 in Throwing
   790 | D:2      | Reached skill level 1 in Dodging
   790 | D:2      | Reached skill level 1 in Stealth
   790 | D:2      | Reached skill level 1 in Unarmed Combat
   790 | D:2      | Reached skill level 1 in Spellcasting
   790 | D:2      | Reached skill level 1 in Evocations
   906 | D:1      | Reached XP level 4. HP: 40/41 MP: 5/5
  1784 | D:3      | Reached skill level 1 in Conjurations
  1784 | D:3      | Reached skill level 1 in Hexes
  1784 | D:3      | Reached skill level 1 in Charms
  1784 | D:3      | Reached skill level 1 in Summonings
  1784 | D:3      | Reached skill level 1 in Necromancy
  1784 | D:3      | Reached skill level 1 in Translocations
  1784 | D:3      | Reached skill level 1 in Transmutations
  1784 | D:3      | Reached skill level 1 in Fire Magic
  1784 | D:3      | Reached skill level 1 in Ice Magic
  1784 | D:3      | Reached skill level 1 in Air Magic
  1784 | D:3      | Reached skill level 1 in Earth Magic
  1784 | D:3      | Reached skill level 1 in Poison Magic
  1947 | D:3      | Reached XP level 5. HP: 47/47 MP: 6/6
  1979 | D:3      | Found an opulent altar of Gozag.
  2008 | D:3      | Became a worshipper of Gozag Ym Sagoz the Greedy
  2538 | D:3      | Slain by an orc priest

Skill      XL: |  1  2  3  4 |
---------------+-------------+-----
Invocations    | 1 |  1.8
Short Blades   | 1 |  1.6
Axes           | 1 |  1.6
Maces & Flails | 1 |  1.6
Polearms       | 1 |  1.6
Staves         | 1 |  1.6
Slings         | 1 |  1.6
Bows           | 1 |  1.6
Crossbows      | 1 |  1.6
Throwing       | 1 |  1.6
Dodging        | 1 |  1.6
Stealth        | 1 |  1.6
Unarmed Combat | 1 |  1.6
Spellcasting   | 1 |  1.6
Evocations     | 1 |  1.6
Conjurations   | 1 |  1.3
Hexes          | 1 |  1.3
Charms         | 1 |  1.3
Summonings     | 1 |  1.3
Necromancy     | 1 |  1.3
Translocations | 1 |  1.3
Transmutations | 1 |  1.3
Fire Magic     | 1 |  1.3
Ice Magic      | 1 |  1.3
Air Magic      | 1 |  1.3
Earth Magic    | 1 |  1.3
Poison Magic   | 1 |  1.3
Fighting       | |  6.7
Long Blades    | |  4.8
Armour         | |  6.7
Shields        | |  6.7

Action                   |  1- 3 |  4- 6 || total
-------------------------+-------+-------++-------
Melee: Long sword        |    55 |       ||    55
       Bite              |     9 |    29 ||    38
       Dagger            |    13 |   228 ||   241
  Eat: Chunk             |       |     3 ||     3
       Ration            |       |     1 ||     1
Armor: Scale mail        |    18 |    49 ||    67
Dodge: Dodged            |    15 |    43 ||    58
Block: Shield            |    21 |    87 ||   108
       Rpst.: Long sword |     4 |       ||     4
